Map: Ruins of Seras

Players

SolaCe (Nina) - Winner!

  • Race: Protoss Protoss
  • League: Master

RepMeaSt (Semper)

  • Race: Terran Terran
  • League: Master

Event: ASL Season 5 Prime League LOTV Beta

VOD

Have the link to the VOD?

Description

Time

  • Played on: Sept. 22, 2015, 8:53 p.m.
  • Length: 7:35

All games in this series

Show
View Real Time Build Order
Export as new Build Order

SolaCe Protoss - Winner!

Build Orders: 1 Gate Expand 

Get SALT Encoding   

  12  0:00  Probe (Chrono Boost)  
  13  0:10  Probe (Chrono Boost)  
  14  0:19  Pylon  
  14  0:21  Probe (Chrono Boost)  
  15  0:37  Probe (Chrono Boost), Gateway  
  16  0:47  Probe (Chrono Boost)  
  16  0:48  Assimilator  
  17  0:56  Probe (Chrono Boost)  
  18  1:06  Probe (Chrono Boost)  
  19  1:16  Probe (Chrono Boost)  
  20  1:25  Cybernetics Core  
  20  1:26  Probe (Chrono Boost)  
  21  1:38  Nexus  
  21  1:41  Probe (Chrono Boost)  
  22  1:48  Pylon  
  22  1:51  Probe (Chrono Boost)  
  23  1:55  Assimilator  
  23  2:06  Mothership Core (Chrono Boost)  
  25  2:11  Adept  
  27  2:24  Probe (Chrono Boost), Warp Gate  
  28  2:33  Probe (Chrono Boost)  
  29  2:42  Robotics Facility  
  29  2:43  Probe (Chrono Boost)  
  30  2:49  Probe (Chrono Boost), Pylon  
  31  2:53  Probe (Chrono Boost), Adept  
  34  2:59  Probe (Chrono Boost)  
  34  3:03  Probe (Chrono Boost)  
  36  3:09  Probe (Chrono Boost)  
  36  3:11  Gateway  
  37  3:21  Probe (Chrono Boost)  
  37  3:23  Probe (Chrono Boost)  
  37  3:26  Gateway  
  37  3:30  Probe (Chrono Boost)  
  37  3:33  Warp Prism (Chrono Boost)  
  42  3:44  Gateway  
  42  3:47  Gateway  
  40  3:53  Gateway  
  40  3:54  Probe (Chrono Boost)  
  41  3:56  Probe (Chrono Boost)  
  42  4:05  Probe x2  
  44  4:11  Observer (Chrono Boost)  
  44  4:12  Twilight Council  
  44  4:15  Probe  
  45  4:17  Probe  
  45  4:18  Pylon  
  47  4:25  Probe  
  47  4:29  Probe  
  49  4:35  Probe, Observer (Chrono Boost)  
  51  4:40  Adept x3, Pylon  
  51  4:43  Adept  
  61  4:47  Pylon  
  59  4:59  Pylon  
  59  5:05  Adept x3  
  59  5:06  Adept x2  
  69  5:13  Warp Prism (Chrono Boost)  
  69  5:25  Shield Upgrade (Chrono Boost)  
  65  5:28  Adept x2  
  65  5:29  Adept x4  
  77  5:35  Probe  
  77  5:38  Probe  
  77  5:55  Probe  
  77  5:57  Probe  
  76  5:59  Nexus  
  76  6:03  Adept  
  76  6:04  Adept x4  
  81  6:09  Probe  
  86  6:13  Probe  
  86  6:17  Pylon  
  79  6:18  Pylon  
  79  6:31  Stalker x3  
  85  6:46  Adept x3  
  91  6:54  Stalker x2  
  91  6:55  Stalker  
  97  7:02  Pylon  
  97  7:03  Pylon  
  95  7:11  Observer (Chrono Boost)  
  95  7:12  Adept x3  
  93  7:22  Adept x3  
Show
View Real Time Build Order
Export as new Build Order

RepMeaSt Terran 

Build Orders:  

Get SALT Encoding   

  12  0:01  SCV  
  13  0:13  SCV  
  14  0:18  Supply Depot  
  14  0:25  SCV  
  15  0:40  SCV, Barracks  
  16  0:45  Refinery  
  16  0:52  SCV  
  18  1:04  SCV  
  18  1:16  SCV  
  19  1:28  Orbital Command  
  19  1:29  Barracks Reactor  
  19  1:45  Command Center  
  19  1:55  SCV  
  19  2:00  Supply Depot  
  20  2:06  Marine x2  
  20  2:07  SCV  
  23  2:14  Bunker  
  23  2:22  SCV  
  24  2:26  Factory  
  24  2:30  Marine  
  24  2:31  Marine  
  24  2:34  SCV  
  27  2:46  SCV  
  27  2:48  Marine  
  27  2:49  Marine  
  30  2:57  Orbital Command  
  30  2:59  SCV  
  31  3:06  Marine  
  31  3:07  Marine  
  31  3:12  Starport, Widow Mine  
  35  3:14  SCV  
  36  3:23  SCV  
  36  3:26  SCV  
  38  3:27  Supply Depot  
  38  3:29  Marine x2  
  40  3:35  SCV  
  40  3:38  SCV  
  42  3:46  Engineering Bay, Widow Mine  
  42  3:47  SCV, Marine  
  46  3:49  Marine  
  46  3:51  Viking  
  46  3:54  SCV  
  50  3:59  SCV  
  50  4:00  Supply Depot  
  51  4:07  SCV  
  52  4:10  Marine  
  52  4:11  Marine  
  52  4:12  Supply Depot  
  54  4:21  Missile Turret, Widow Mine  
  54  4:22  SCV  
  57  4:24  Missile Turret  
  57  4:29  Medivac  
  57  4:31  SCV, Marine x2  
  60  4:36  Supply Depot  
  62  4:41  SCV  
  63  4:48  Barracks  
  63  4:49  SCV, Barracks  
  63  4:50  Widow Mine  
  66  4:54  SCV  
  66  4:58  Marine x2  
  69  5:03  Supply Depot, SCV  
  71  5:11  SCV  
  64  5:15  SCV  
  64  5:16  Marine  
  64  5:22  Marine  
  64  5:26  SCV  
  61  5:34  Viking, Marine  
  58  5:37  SCV  
  58  5:38  SCV  
  58  5:39  Marine  
  61  5:49  SCV  
  62  5:52  Marine  
  62  5:53  SCV  
  62  5:57  Marine  
  62  6:01  SCV  
  62  6:03  Marine  
  63  6:05  Widow Mine  
  63  6:08  Orbital Command  
  63  6:10  Marine  
  65  6:13  Refinery  
  65  6:15  Marine  
  63  6:21  Marine  
  63  6:28  Marine  
  63  6:30  Orbital Command  
  63  6:32  Barracks Tech Lab  
  64  6:33  SCV, Marine  
  64  6:34  Command Center  
  64  6:39  Marine  
  67  6:45  Viking  
  67  6:46  Marine  
  70  6:49  SCV  
  70  6:51  Marine  
  70  6:52  Marine  
  72  6:55  Widow Mine  
  72  6:56  Marine  
  75  7:03  Marine  
  70  7:08  Marine  
  70  7:11  SCV, Marine  
  70  7:14  Marine  
  70  7:15  SCV  
Tags
 
Add a new tag
Caveats
  • Supply blocks, unpowered buildings, or Contaminate may cause inaccurate times.
  • Supply counts are checked every 10 seconds.